[Event "Elegant 1st Division League 2024"]
[Site "Dhaka"]
[Date "2024.07.14"]
[Round "4.8"]
[White "Shejal Sahil Sanjay"]
[Black "Hossain, Delwar"]
[Result "1/2-1/2"]
[Annotator "ChessBase"]
[ECO "B06"]
[WhiteElo "1750"]
[BlackElo "1959"]
[PlyCount "171"]
[EventDate "2024.07.10"]
[EventType "team-tourn"]
[EventCountry "BAN"]
[SourceTitle "playchess.com"]
[Source "ChessBase"]
[SourceQuality "1"]
[TimeControl "5400+30"]

1. e4 g6 2. d4 Bg7 3. Be3 d6 4. Bd3 Nd7 5. Ne2 c5 6. c3 a6 7. Nd2 Ngf6 8. f4 Qc7 9. h3 e5 10. fxe5 dxe5 11. d5 b5 12. b3 O-O 13. c4 Rb8 14. cxb5 axb5 15. a4 Ba6 16. Rc1 Rfc8 17. b4 Qd6 18. Nc3 c4 19. axb5 Bxb5 20. Nxb5 Rxb5 21. Bxc4 Rxb4 22. O-O Nh5 23. Be2 Rxc1 24. Qxc1 Ng3 25. Re1 Nxe4 26. Nxe4 Rxe4 27. Bf3 Rb4 28. Qc6 Bf8 29. Rc1 e4 30. Be2 Qg3 31. Bf2 Qa3 32. Rd1 Ne5 33. Qa6 Ra4 34. Qc8 Nd3 35. Bxd3 exd3 36. Qc1 Qxc1 37. Rxc1 Ra5 38. Be1 Rxd5 39. Bd2 Be7 40. Kf2 Bg5 41. Bxg5 Rxg5 42. Rc8+ Kg7 43. Rd8 h5 44. Rxd3 h4 45. Rd4 Rf5+ 46. Ke3 g5 47. Rd6 Rf6 48. Rd5 Kg6 49. Ra5 Rf5 50. Ra6+ f6 51. Ra4 Rb5 52. Kf3 Kf5 53. Ra3 Ke6 54. Re3+ Re5 55. Ra3 f5 56. Ra6+ Kf7 57. Rb6 Re6 58. Rb7+ Kg6 59. Rb8 Re5 60. Rg8+ Kf6 61. Rf8+ Kg7 62. Ra8 Re6 63. Ra7+ Kg6 64. Ra8 Rd6 65. Rg8+ Kf6 66. Rf8+ Ke5 67. Re8+ Re6 68. Rg8 Kf6 69. Rf8+ Kg6 70. Rg8+ Kh5 71. Rh8+ Rh6 72. Rf8 f4 73. Ra8 Re6 74. Ra5 Re3+ 75. Kf2 Rg3 76. Rb5 Re3 77. Ra5 Kg6 78. Ra6+ Kf5 79. Ra5+ Re5 80. Ra8 Rd5 81. Rf8+ Ke4 82. Re8+ Kd3 83. Kf3 Kd2 84. Kg4 Kd3 85. Rg8 Ke3 86. Rxg5 1/2-1/2

[Event "Elegant 1st Division League 2024"]
[Site "Dhaka"]
[Date "2024.07.14"]
[Round "4.11"]
[White "Salim Mohammed, Salim Al Amri"]
[Black "Zaeef Maheen, Chowdhury"]
[Result "1/2-1/2"]
[Annotator "ChessBase"]
[ECO "E61"]
[WhiteElo "1928"]
[BlackElo "1713"]
[PlyCount "98"]
[EventDate "2024.07.10"]
[EventType "team-tourn"]
[EventCountry "BAN"]
[SourceTitle "playchess.com"]
[Source "ChessBase"]
[SourceQuality "1"]
[TimeControl "5400+30"]

1. c4 e5 2. Nc3 Nf6 3. g3 g6 4. Bg2 d6 5. e3 c6 6. Nge2 Bg7 7. O-O O-O 8. d4 Nbd7 9. a4 a5 10. b3 h5 11. h3 Nh7 12. Ba3 exd4 13. Nxd4 Nc5 14. Rb1 Qf6 15. Nce2 Ng5 16. Nf4 Nge4 17. Qc2 Re8 18. Rbd1 h4 19. g4 Qg5 20. Bb2 Bxd4 21. Bxd4 f5 22. Bxc5 dxc5 23. Bxe4 Rxe4 24. Rd6 Rxf4 25. exf4 Qxf4 26. Qd2 Qxd2 27. Rxd2 Be6 28. g5 Kf7 29. Re1 Re8 30. f4 Bc8 31. Rxe8 Kxe8 32. Kf2 Ke7 33. Ke3 Be6 34. Kd3 Kd6 35. Kc3+ Ke7 36. Rd3 b6 37. Re3 Kd6 38. Re5 Kd7 39. Re3 Kd6 40. Rd3+ Ke7 41. Kc2 Bf7 42. Kb2 Be6 43. Kc3 Bf7 44. Kd2 Be6 45. Ke3 Bf7 46. Rd1 Be6 47. Kf2 Bf7 48. Kf3 Be6 49. Rd2 Bf7 1/2-1/2

[Event "Elegant 1st Division League 2024"]
[Site "Dhaka"]
[Date "2024.07.14"]
[Round "4.12"]
[White "Saparya Ghosh"]
[Black "Islam, Obaidul Shahin"]
[Result "1-0"]
[Annotator "NA"]
[ECO "D12"]
[WhiteElo "1833"]
[BlackElo "1976"]
[PlyCount "113"]
[EventDate "2024.07.10"]
[EventType "team-tourn"]
[EventCountry "BAN"]
[SourceTitle "playchess.com"]
[Source "ChessBase"]
[SourceQuality "1"]
[TimeControl "5400+30"]

1. d4 d5 2. c4 c6 3. Nf3 Nf6 4. e3 Bf5 5. Nc3 e6 6. Qb3 Qb6 7. Nh4 Bg6 8. Nxg6 hxg6 9. Bd2 {[%emt 0:00:52] D12: Slav Defence: 3 Nf3 Nf6 4 e3 Bf5.} Nbd7 10. Be2 Qxb3 11. axb3 Bb4 12. O-O a6 13. f3 Bd6 14. g3 O-O 15. Kg2 e5 16. cxd5 exd4 17. exd4 cxd5 18. Rfc1 Rfe8 19. Bd3 Bb4 20. Bf4 Re6 21. Nb5 Rb6 22. g4 Rf8 (22... Re8 $142 23. Ra4 Rxb5 24. Bxb5 Bd2 25. Bxd7 (25. Bxd2 axb5 26. Rb4 Re2+ 27. Kf1 Rxd2 $15) 25... Bxc1 26. Bxe8 (26. Bxc1 Re2+ 27. Kf1 Rc2 $11) 26... Bxf4) 23. Nc7 (23. Nc3 $142) 23... Bd6 (23... Rd8 $142) 24. Bxd6 Rxd6 25. Ra5 ({Vorzuziehen ist} 25. b4) 25... g5 26. Rc3 (26. b4 $1 {kam in Betracht.}) 26... g6 $11 (26... Nb8 $142) 27. b4 Nb8 28. b5 Rb6 29. Kg3 Kg7 30. bxa6 Nxa6 31. Bxa6 bxa6 32. Rxa6 Rxb2 33. Rcc6 Ng8 34. Nxd5 Rd2 35. Nc3 Rxd4 36. Ne4 Rd5 37. Rc7 Rb5 38. Raa7 Rd5 39. Nc5 Rd6 40. Nd7 Re8 41. Ne5 Nh6 42. Nxf7 Nxf7 43. Rxf7+ Kg8 44. Rg7+ Kh8 45. h4 gxh4+ 46. Kxh4 Re5 47. Rgc7 Re8 48. Kg5 Kg8 49. Kh6 g5+ 50. Kxg5 Rd5+ 51. Kh4 Rd3 52. f4 Kh8 53. f5 Rd1 54. Rh7+ Kg8 55. Rag7+ Kf8 56. Kg5 Rd6 57. f6 1-0

[Event "Elegant 1st Division League 2024"]
[Site "Dhaka"]
[Date "2024.07.14"]
[Round "4.13"]
[White "abu, Hanif"]
[Black "Md, Eftekhar Alam"]
[Result "0-1"]
[Annotator "NA RC"]
[ECO "A37"]
[WhiteElo "2076"]
[BlackElo "2006"]
[PlyCount "126"]
[EventDate "2024.07.10"]
[EventType "team-tourn"]
[EventCountry "BAN"]
[SourceTitle "playchess.com"]
[Source "ChessBase"]
[SourceQuality "1"]
[TimeControl "5400+30"]

1. c4 c5 2. Nc3 Nc6 3. g3 g6 4. Bg2 Bg7 5. Nf3 e6 6. O-O Nge7 7. e3 O-O 8. d4 cxd4 9. exd4 d5 10. c5 Nf5 11. Ne2 b6 12. g4 Nh4 13. cxb6 Nxf3+ 14. Bxf3 Qxb6 15. Be3 Ba6 16. Qd2 Rab8 17. b3 Bxe2 18. Bxe2 Nxd4 19. Kg2 Qb4 20. Qxb4 Rxb4 21. Bd3 Nb5 22. Rac1 d4 23. Bd2 Nc3 24. Bxc3 dxc3 25. Bc4 Rd8 26. Rfd1 Rbb8 27. Kf3 Kf8 28. Ke4 Ke7 29. g5 Rxd1 30. Rxd1 h6 31. h4 Rd8 32. Be2 hxg5 33. hxg5 Rc8 34. Bd3 Rc5 35. f4 Rc8 36. Rh1 Rd8 37. Ke3 Bd4+ 38. Ke2 Bc5 39. Rc1 Bd4 40. Rh1 Bb6 41. Rh3 Rd4 42. Rf3 Kd6 43. a3 a5 44. Kd1 Bc7 45. Ke2 Kc6 46. Ke3 Bb6 47. Ke2 Bc5 48. a4 Kd6 49. Rf1 Kd5 50. Rf3 Bd6 51. Ke3 Rb4 52. Bc2 Rb8 53. Rh3 Kc5 54. Rh4 Rb4 55. Be4 Rxb3 56. Rh7 Rb4 57. Bc2 Rxf4 58. Ke2 Kb4 59. Rh8 Ka3 60. Rd8 Kb2 61. Bxg6 fxg6 62. Rxd6 c2 63. Rb6+ Rb4 0-1

[Event "Elegant 1st Division League 2024"]
[Site "Dhaka"]
[Date "2024.07.14"]
[Round "4.14"]
[White "Mahindrakar Indrajeet"]
[Black "Ahmed, Feroz"]
[Result "1-0"]
[Annotator "RC"]
[ECO "A45"]
[WhiteElo "2129"]
[BlackElo "2042"]
[PlyCount "65"]
[EventDate "2024.07.10"]
[EventType "team-tourn"]
[EventCountry "BAN"]
[SourceTitle "playchess.com"]
[Source "ChessBase"]
[SourceQuality "1"]
[TimeControl "5400+30"]

1. d4 Nf6 2. Bg5 Ne4 3. Bf4 c5 4. d5 Qb6 5. Nd2 Qxb2 6. Nxe4 Qb4+ 7. c3 Qxe4 8. e3 e6 9. dxe6 dxe6 10. Bxb8 Rxb8 11. Bb5+ Ke7 12. Nf3 a6 13. Bd3 Qc6 14. O-O f6 15. Qc2 g6 16. c4 Bg7 17. a4 g5 18. Ra3 h5 19. e4 e5 20. Nd2 h4 21. Nb1 h3 22. g3 f5 23. Nc3 f4 24. Nd5+ Kf7 25. Rb1 Be6 26. Rab3 Rhd8 27. Rb6 Qc8 28. Qd1 g4 29. gxf4 Bxd5 30. exd5 exf4 31. Re6 Bf6 32. Rbb6 Bd4 33. Qxg4 1-0

[Event "Elegant 1st Division League 2024"]
[Site "Dhaka"]
[Date "2024.07.14"]
[Round "4.15"]
[White "Md, Sariatullah"]
[Black "Majumder Shrayan"]
[Result "0-1"]
[Annotator "RC"]
[ECO "A06"]
[WhiteElo "2005"]
[BlackElo "2083"]
[PlyCount "61"]
[EventDate "2024.07.10"]
[EventType "team-tourn"]
[EventCountry "BAN"]
[SourceTitle "playchess.com"]
[Source "ChessBase"]
[SourceQuality "1"]
[TimeControl "5400+30"]

1. b3 d5 2. Bb2 Nf6 3. e3 Bf5 4. Nf3 h6 5. c4 e6 6. cxd5 exd5 7. Be2 Bd6 8. Nc3 c6 9. O-O O-O 10. d4 Nbd7 11. Rc1 Re8 12. a3 Qe7 13. Ra1 Ne4 14. Nxe4 Bxe4 15. Bd3 f5 16. g3 g5 17. Re1 Qf7 18. b4 Re6 19. Bc3 Rf8 20. Rf1 Nf6 21. Be2 Ng4 22. h3 Qh5 23. hxg4 fxg4 24. Nh4 Bf3 25. Bxf3 gxf3 26. Nxf3 Rxf3 27. Kg2 Ref6 28. Be1 Qg4 29. Rh1 Qe4 30. Kh2 h5 31. Ra2 0-1

[Event "Elegant 1st Division League 2024"]
[Site "Dhaka"]
[Date "2024.07.14"]
[Round "4.16"]
[White "Md, Azmaeen Parvez Sayor"]
[Black "Noshin, Anjum"]
[Result "1-0"]
[Annotator "ChessBase"]
[ECO "D45"]
[WhiteElo "1969"]
[BlackElo "2056"]
[PlyCount "69"]
[EventDate "2024.07.10"]
[EventType "team-tourn"]
[EventCountry "BAN"]
[SourceTitle "playchess.com"]
[Source "ChessBase"]
[SourceQuality "1"]
[TimeControl "5400+30"]

1. d4 d5 2. c4 c6 3. Nc3 Nf6 4. e3 e6 5. Nf3 Nbd7 6. Be2 Bd6 7. b3 O-O 8. O-O b6 9. Bb2 Bb7 10. Bd3 Rc8 11. Rc1 Re8 12. Re1 Bb8 13. Rc2 c5 14. cxd5 exd5 15. Bf5 g6 16. Bh3 c4 17. bxc4 Rc7 18. c5 Rxc5 19. Nd2 Rc6 20. g3 Ne4 21. Ndxe4 dxe4 22. Bf1 a6 23. Bg2 Rc8 24. f3 exf3 25. Bxf3 Bxf3 26. Qxf3 f5 27. Rf2 Nf6 28. e4 Rc4 29. Rd2 Rxd4 30. Nd5 Rxd2 31. Nxf6+ Kf7 32. Qb3+ Re6 33. exf5 Rxb2 34. fxe6+ Kxf6 35. Qxb2+ 1-0

[Event "Elegant 1st Division League 2024"]
[Site "Dhaka"]
[Date "2024.07.14"]
[Round "4.17"]
[White "Uddipan Roy"]
[Black "Sajib, Das"]
[Result "1-0"]
[Annotator "RC"]
[ECO "B53"]
[WhiteElo "1967"]
[BlackElo "1894"]
[PlyCount "61"]
[EventDate "2024.07.10"]
[EventType "team-tourn"]
[EventCountry "BAN"]
[SourceTitle "playchess.com"]
[Source "ChessBase"]
[SourceQuality "1"]
[TimeControl "5400+30"]

1. e4 c5 2. Nf3 d6 3. d4 cxd4 4. Qxd4 Nc6 5. Qe3 Nf6 6. Be2 e6 7. O-O Be7 8. c4 Qc7 9. Nc3 O-O 10. b3 b6 11. Bb2 Bb7 12. Rac1 Rac8 13. Rfd1 Rfd8 14. Nd5 exd5 15. cxd5 Qb8 16. dxc6 Bxc6 17. Nd4 Bd7 18. h3 Rxc1 19. Rxc1 Rc8 20. Rd1 Re8 21. Bb5 Bf8 22. Bxd7 Nxd7 23. Nf5 Ne5 24. Qd4 Re6 25. Ba3 Rg6 26. Kh1 Nc6 27. Qd5 Ne7 28. Bxd6 Qe8 29. Bxe7 Bxe7 30. Nxe7+ Qxe7 31. Qa8+ 1-0

[Event "Elegant 1st Division League 2024"]
[Site "Dhaka"]
[Date "2024.07.14"]
[Round "4.18"]
[White "Mohammad, Shakil"]
[Black "Abdul, Momin"]
[Result "1/2-1/2"]
[Annotator "RC"]
[ECO "E11"]
[WhiteElo "1882"]
[BlackElo "1911"]
[PlyCount "79"]
[EventDate "2024.07.10"]
[EventType "team-tourn"]
[EventCountry "BAN"]
[SourceTitle "playchess.com"]
[Source "ChessBase"]
[SourceQuality "1"]
[TimeControl "5400+30"]

1. d4 Nf6 2. Nf3 e6 3. c4 Bb4+ 4. Bd2 Bxd2+ 5. Nbxd2 d5 6. g3 b6 7. cxd5 exd5 8. Bg2 O-O 9. O-O Nbd7 10. b4 Bb7 11. b5 c5 12. bxc6 Bxc6 13. Qb3 Qe7 14. Rfc1 Rfc8 15. e3 Bb7 16. a4 Ne4 17. a5 Nxd2 18. Nxd2 Qd6 19. Bh3 Rxc1+ 20. Rxc1 Nf6 21. axb6 Qxb6 22. Qxb6 axb6 23. Rb1 Bc8 24. Bxc8 Rxc8 25. Rxb6 h6 26. Rb2 g5 27. h3 h5 28. Nf3 Ne4 29. Kg2 f6 30. Ne1 Kf7 31. f3 Nd6 32. Kf2 Rc3 33. Rc2 Rb3 34. Ng2 Nf5 35. Re2 Rb1 36. h4 Rh1 37. e4 dxe4 38. Rxe4 Ra1 39. hxg5 fxg5 40. g4 1/2-1/2

[Event "Elegant 1st Division League 2024"]
[Site "Dhaka"]
[Date "2024.07.14"]
[Round "4.19"]
[White "Bivor Adak"]
[Black "Mohammed, Shaker Ullah"]
[Result "*"]
[Annotator "NA RC"]
[ECO "B76"]
[WhiteElo "1967"]
[BlackElo "2018"]
[PlyCount "83"]
[EventDate "2024.07.10"]
[EventType "team-tourn"]
[EventCountry "BAN"]
[SourceTitle "playchess.com"]
[Source "ChessBase"]
[SourceQuality "1"]
[TimeControl "5400+30"]

1. e4 c5 2. Nf3 d6 3. d4 cxd4 4. Nxd4 Nf6 5. Nc3 g6 6. Be3 Bg7 7. f3 O-O 8. Qd2 Nc6 9. O-O-O Bd7 10. g4 Rc8 11. Kb1 Ne5 12. h4 Nc4 {[%emt 0:04:17] B76: Sicilian Dragon: Yugoslav Attack, 9 g4 and 9 0-0-0.} 13. Bxc4 Rxc4 14. h5 b5 15. hxg6 ({Less strong is} 15. Ndxb5 Bxb5 16. Nxb5 Qb8 $16) 15... fxg6 {[%emt 0:02:02] [#]} 16. Bh6 $2 ({Much less strong is} 16. Ndxb5 $6 Bxb5 17. Nxb5 Qd7 $18) ({Don't take} 16. Ncxb5 $6 Qb8 $16) (16. e5 $1 $18 dxe5 17. Ne6 (17. Ndxb5 e6 $18) 17... Bxe6 18. Qxd8 Rxd8 19. Rxd8+ Kf7 20. g5 (20. Bxa7 b4 $18) (20. Nxb5 a6 $18)) 16... Bxh6 17. Qxh6 Rf7 18. Nd5 Nxd5 19. exd5 Qb6 20. Ne6 Bxe6 21. dxe6 Rg7 22. Qd2 a5 23. f4 a4 24. f5 Rc8 25. Qh2 Rf8 26. fxg6 Rf2 27. gxh7+ Kh8 28. Qh6 Rxg4 {[%emt 0:01:12] [#]} 29. Rdf1 $1 Rxf1+ 30. Rxf1 Rg1 31. Qf8+ Kxh7 32. Qxe7+ Kg8 33. Qf7+ Kh8 34. e7 Rxf1+ 35. Qxf1 Qe3 36. Qf8+ Kh7 37. Qf7+ (37. e8=B $2 Qe1#) 37... Kh6 38. a3 Qe1+ 39. Ka2 b4 40. e8=Q b3+ 41. cxb3 axb3+ 42. Kxb3 *

[Event "Elegant 1st Division League 2024"]
[Site "Dhaka"]
[Date "2024.07.14"]
[Round "4.20"]
[White "Shahinur, Haque"]
[Black "Md Nurul Islam, Mahin"]
[Result "1-0"]
[Annotator "NA"]
[ECO "B13"]
[WhiteElo "1833"]
[BlackElo "1833"]
[PlyCount "101"]
[EventDate "2024.07.10"]
[EventType "team-tourn"]
[EventCountry "BAN"]
[SourceTitle "playchess.com"]
[Source "ChessBase"]
[SourceQuality "1"]
[TimeControl "5400+30"]

1. e4 c6 2. d4 d5 3. exd5 cxd5 4. Bd3 Nc6 5. c3 Nf6 6. Bf4 e6 7. Nf3 Bd6 8. Bxd6 Qxd6 9. Qe2 {[%emt 0:01:46] B13: Caro-Kann: Exchange Variation and Panov-Botvinnik Attack.} O-O 10. O-O Re8 11. Ne5 a6 12. Nd2 Qe7 13. f4 Nxe5 14. fxe5 Nd7 15. Qh5 g6 16. Qh6 Qf8 17. Qh4 Qg7 18. Rf2 Nb8 19. Raf1 Rf8 20. Nf3 h6 21. Qe7 Nc6 22. Qd6 Rd8 23. Qa3 Bd7 24. Nh4 Rf8 25. Qd6 Rad8 26. Nxg6 Bc8 27. Ne7+ Kh8 28. Qa3 Nxe7 29. Qxe7 Rd7 30. Qh4 Rg8 31. g3 Qg5 32. Qxg5 hxg5 33. Rxf7 Rxf7 34. Rxf7 Rg7 35. Rf8+ Rg8 36. Rf6 Rg7 37. Kf2 Kg8 38. Kf3 Bd7 39. Kg4 a5 40. Rg6 Rxg6 41. Bxg6 Bb5 42. Kxg5 Kg7 43. h4 a4 44. a3 b6 45. h5 Bd7 46. h6+ Kh8 47. Kf6 b5 48. g4 b4 49. axb4 a3 50. bxa3 Bb5 51. Kxe6 1-0

[Event "Elegant 1st Division League 2024"]
[Site "Dhaka"]
[Date "2024.07.14"]
[Round "4.21"]
[White "Bhosale Shriraj"]
[Black "Vrashank Chouhan"]
[Result "0-1"]
[Annotator "TA"]
[ECO "A07"]
[WhiteElo "2043"]
[BlackElo "2209"]
[PlyCount "58"]
[EventDate "2024.07.10"]
[EventType "team-tourn"]
[EventCountry "BAN"]
[SourceTitle "playchess.com"]
[Source "ChessBase"]
[SourceQuality "1"]
[TimeControl "5400+30"]

1. Nf3 d5 2. g3 Nc6 3. Bg2 e5 4. d3 Nf6 5. c3 a5 6. O-O h6 7. Nbd2 e4 (7... Be6 $11) 8. Ne1 {[%emt 0:01:31][%cal Rd3e4] White is slightly better.} Bc5 9. d4 (9. dxe4 $14 dxe4 10. Qa4) 9... Bd6 10. c4 dxc4 (10... Nxd4 11. cxd5 Bc5 12. Nxe4 Nxe4 13. e3 $16 (13. Bxe4 Qe7 $14)) 11. Nxe4 Nxe4 12. Bxe4 O-O 13. Bg2 Re8 14. Nc2 Bg4 15. Ne3 Bh5 16. g4 $2 (16. Bxc6 $14 {stays ahead.} bxc6 17. f3) 16... Bg6 (16... Qh4 $17 17. f4 (17. h3 $2 Rxe3 18. fxe3 Bxg4 $19) 17... Rxe3 (17... Bxg4 18. Nxg4 Qxg4 19. e4 $15) 18. Bxe3 Bxg4) 17. d5 {[%emt 0:01:15] [#]} (17. Nxc4 $11 {keeps the balance.} Nxd4 18. Nxd6 Nxe2+ (18... Qxd6 19. e3 $11) 19. Kh1 Qxd6 (19... cxd6 20. Be3 $11) 20. Qxd6 cxd6 21. Be3) 17... Qh4 $1 18. h3 (18. f4 Nb4) 18... Ne5 {[%emt 0:00:43] Black has more active pieces. The white rooks are passive.} 19. Qd4 (19. f4 Bc5 20. fxe5 Rxe5) (19. a4 $17 {was the only chance.}) 19... h5 $1 $19 20. Nxc4 Nxc4 (20... hxg4 21. Nxd6 cxd6 22. Bd2 $15) 21. Qxc4 b5 $1 22. Qxb5 (22. Qd4 {was the crucial defense.}) 22... hxg4 23. Qc4 {[%emt 0:02:30] [#]} Bh2+ 24. Kh1 {[%emt 0:01:23] [#]} (24. Kxh2 $2 g3+ 25. Kg1 Qxc4 $19) 24... Be4 $1 25. Bxe4 {[%emt 0:09:13] aiming for Bg2.} Qxh3 $40 {[%emt 0:00:07][%mdl 128] Black attacks with force.} 26. Bg2 Qh4 {[%emt 0:05:05] ( -> ...Bd6+)} 27. Rd1 $2 {[%emt 0:01:15] [#]} (27. Bg5 {only move.} Qh5 28. Rfd1 Bd6+ 29. Kg1 Qxg5 30. Rab1) 27... Re5 $1 (27... Bg3+ 28. Kg1 Bxf2+ 29. Kf1 $11) 28. Be3 {[%emt 0:06:50] [#]} (28. Qxc7 $2 {too greedy.} Bg3+ (28... Rxe2 $2 {loses.} 29. Qxh2 Qf6 30. Qf4 $18) 29. Kg1 Bxf2+ (29... Rxe2 $2 {is the wrong capture.} 30. Qxg3 Qxg3 31. fxg3 $18) 30. Kf1 Ba7) (28. e4 $142 Qxf2 (28... Bg3+ $2 29. Kg1 $19) 29. Rf1 (29. Kxh2 $2 Rh5#)) 28... Rxe3 $1 29. f3 {[%emt 0:04:29] [#]} (29. Rd2 Rae8) 29... Rxf3 $3 {[%emt 0:01:49][%mdl 512] Weighted Error Value: White=1.15/Black=0.30.  Mistake:       	White=7     	Black=3      Inaccurate:     	White=2     	Black=2      OK:         	White=8     	Black=6      Best:        	White=2     	---        Strong:       	---       	Black=2      Brilliant:      	---       	Black=2} 0-1

[Event "Elegant 1st Division League 2024"]
[Site "Dhaka"]
[Date "2024.07.14"]
[Round "4.22"]
[White "Tutul, Dhar"]
[Black "abzid, Rahman"]
[Result "1/2-1/2"]
[Annotator "ChessBase"]
[ECO "E08"]
[WhiteElo "2008"]
[BlackElo "2037"]
[PlyCount "91"]
[EventDate "2024.07.10"]
[EventType "team-tourn"]
[EventCountry "BAN"]
[SourceTitle "playchess.com"]
[Source "ChessBase"]
[SourceQuality "1"]
[TimeControl "5400+30"]

1. d4 d5 2. c4 e6 3. g3 Nf6 4. Bg2 Be7 5. Nf3 O-O 6. O-O Nbd7 7. Qc2 c6 8. Rd1 b6 9. b3 Bb7 10. Bb2 Rc8 11. Nc3 Ba6 12. Nd2 b5 13. e4 bxc4 14. e5 Ne8 15. bxc4 dxc4 16. Nce4 Nb6 17. Nc5 Bxc5 18. dxc5 Nd5 19. Nxc4 Bxc4 20. Qxc4 Qa5 21. Rab1 Nec7 22. Bf1 Rb8 23. Bd4 Nb5 24. Bb2 Nbc7 25. Qc2 Qa4 26. a3 Qxa3 27. Bd3 Qa2 28. Bc4 Qa5 29. Ra1 Qxc5 30. Bd4 Qe7 31. Bxd5 Nxd5 32. Bc5 Qg5 33. Bxf8 Rxf8 34. Re1 Rc8 35. Rxa7 h5 36. h4 Qg4 37. Qe4 c5 38. Qxg4 hxg4 39. Rea1 Kh7 40. Rxf7 c4 41. Raa7 c3 42. Rxg7+ Kh6 43. Rh7+ Kg6 44. Raf7 c2 45. Rhg7+ Kh6 46. Rh7+ 1/2-1/2

[Event "Elegant 1st Division League 2024"]
[Site "Dhaka"]
[Date "2024.07.14"]
[Round "4.23"]
[White "Tajane Ganesh"]
[Black "Dakshita Kumawat"]
[Result "1/2-1/2"]
[Annotator "ChessBase"]
[ECO "C01"]
[WhiteElo "1772"]
[BlackElo "1928"]
[PlyCount "57"]
[EventDate "2024.07.10"]
[EventType "team-tourn"]
[EventCountry "BAN"]
[SourceTitle "playchess.com"]
[Source "ChessBase"]
[SourceQuality "1"]
[TimeControl "5400+30"]

1. e4 e6 2. d4 d5 3. exd5 exd5 4. Bd3 Bd6 5. Nf3 Ne7 6. h3 Nbc6 7. Nc3 f6 8. Nb5 Be6 9. Be3 a6 10. Nxd6+ Qxd6 11. c3 Ng6 12. Qd2 Nce7 13. h4 h5 14. Ng1 Kf7 15. Ne2 Nf5 16. Bf4 Qd7 17. Bg3 Rae8 18. O-O-O Nge7 19. Rhe1 Nxg3 20. Nxg3 Qd6 21. Ne2 Bf5 22. Nf4 Bxd3 23. Nxd3 Nf5 24. g3 b6 25. Rxe8 Rxe8 26. Nf4 g6 27. Re1 Re6 28. Re2 Rxe2 29. Qe1 1/2-1/2

[Event "Elegant 1st Division League 2024"]
[Site "Dhaka"]
[Date "2024.07.14"]
[Round "4.24"]
[White "Jamal Uddin"]
[Black "Bhuiyan, Golam Mostafa"]
[Result "1-0"]
[Annotator "RC"]
[ECO "E91"]
[WhiteElo "1963"]
[BlackElo "2078"]
[PlyCount "177"]
[EventDate "2024.07.10"]
[EventType "team-tourn"]
[EventCountry "BAN"]
[SourceTitle "playchess.com"]
[Source "ChessBase"]
[SourceQuality "1"]
[TimeControl "5400+30"]

1. c4 g6 2. d4 Nf6 3. Nc3 Bg7 4. e4 d6 5. Be2 O-O 6. Bg5 Nc6 7. Nf3 Bg4 8. d5 Bxf3 9. Bxf3 Ne5 10. Be2 c6 11. O-O a6 12. a4 a5 13. Be3 Qc7 14. Rc1 Ned7 15. Qd2 Nc5 16. Qc2 e5 17. Rcd1 Nfd7 18. dxc6 bxc6 19. Qd2 Nb7 20. f4 Ndc5 21. f5 Nb3 22. Qe1 Rfe8 23. f6 Bh8 24. Qh4 N7c5 25. Rf3 Nd7 26. Rdf1 Re6 27. Rh3 Nxf6 28. Bg5 Qe7 29. Bg4 Qa7+ 30. Be3 Qe7 31. Bxe6 fxe6 32. Bg5 Rf8 33. Rhf3 Qa7+ 34. Qf2 Qxf2+ 35. R3xf2 Nd7 36. Rxf8+ Nxf8 37. Be7 Bg7 38. Bxd6 Nd7 39. Rd1 Bh6 40. Kf2 Kf7 41. Bc7 Ke7 42. Bd6+ Ke8 43. Rd3 Bg7 44. g4 h6 45. h4 Bf6 46. Kg3 Bd8 47. h5 gxh5 48. gxh5 Bb6 49. Kh3 Bd8 50. Ne2 Nbc5 51. Bxc5 Nxc5 52. Rd6 Ke7 53. Rxc6 Nxe4 54. Ng3 Nf2+ 55. Kg2 Nd3 56. b3 Kd7 57. Ra6 Nc5 58. Ra7+ Bc7 59. Kf3 Nxb3 60. Ne4 Nd4+ 61. Kg4 Nc6 62. Rb7 Nd4 63. Rb1 Nf5 64. Rb3 Kc6 65. Rf3 Bb6 66. c5 Ba7 67. Rb3 Nd4 68. Rb1 Kd5 69. Nf6+ Kc6 70. Ng8 Nf5 71. Rb5 Bxc5 72. Rxa5 e4 73. Rb5 e3 74. Rb2 Bd4 75. Ra2 Kd5 76. a5 Ke4 77. a6 Ba7 78. Nf6+ Kd3 79. Ra3+ Kd4 80. Kf3 e5 81. Ng4 e4+ 82. Ke2 Ng3+ 83. Ke1 Nf5 84. Ra4+ Kd5 85. Nf6+ Ke5 86. Nxe4 Nd4 87. Nc3 Kf5 88. Nb5 Nf3+ 89. Kd1 1-0

[Event "Elegant 1st Division League 2024"]
[Site "Dhaka"]
[Date "2024.07.15"]
[Round "5.1"]
[White "Vrashank Chouhan"]
[Black "Hossain, Showkat Pollab"]
[Result "1-0"]
[Annotator "RC"]
[ECO "A88"]
[WhiteElo "2209"]
[BlackElo "1990"]
[PlyCount "159"]
[EventDate "2024.07.10"]
[EventType "team-tourn"]
[EventCountry "BAN"]
[SourceTitle "playchess.com"]
[Source "ChessBase"]
[SourceQuality "1"]
[TimeControl "5400+30"]

1. Nf3 f5 2. g3 Nf6 3. Bg2 g6 4. O-O Bg7 5. d4 O-O 6. c4 c6 7. Nc3 d6 8. Re1 Qe8 9. d5 Na6 10. h3 Nc5 11. Qc2 e5 12. dxe6 Bxe6 13. Bf4 Rd8 14. Nd2 Qf7 15. Rad1 Nh5 16. Bg5 Rd7 17. b4 Ne4 18. Ncxe4 fxe4 19. Be3 d5 20. Nb3 dxc4 21. Nc5 Rxd1 22. Rxd1 Nf6 23. Nxe4 Nxe4 24. Bxe4 Bxh3 25. Bxa7 c3 26. Bc5 Ra8 27. a3 Be6 28. Qc1 Bb3 29. Bc2 Bc4 30. Qg5 Bf6 31. Qh6 Bxe2 32. Bb3 Qxb3 33. Rd7 Qd1+ 34. Rxd1 Bxd1 35. Qf4 Bg7 36. Qc4+ Kh8 37. Bd4 c2 38. a4 Bxd4 39. Qxd4+ Kg8 40. Qc4+ Kf8 41. a5 Re8 42. Qc3 Re1+ 43. Kh2 Kf7 44. Qc4+ Ke7 45. Qc5+ Kd7 46. Qd4+ Kc7 47. Qg7+ Kc8 48. Qh8+ Kd7 49. Qxh7+ Re7 50. Qh6 Bf3 51. g4 Bd1 52. Qd2+ Ke8 53. Qc3 Kd7 54. Kg3 Re6 55. f4 Ke7 56. Kh4 Kf7 57. Kg5 Rd6 58. f5 gxf5 59. gxf5 Kg8 60. Qc4+ Kg7 61. f6+ Rxf6 62. Qc3 c1=Q+ 63. Qxc1 Rg6+ 64. Kf4 Bg4 65. Qc3+ Kf7 66. b5 Bd7 67. b6 Bc8 68. Qe5 Rf6+ 69. Kg3 Rg6+ 70. Kh4 Rh6+ 71. Kg5 Rg6+ 72. Kh5 Bg4+ 73. Kh4 Be6 74. a6 bxa6 75. b7 Rg4+ 76. Kh5 Rb4 77. b8=Q Rxb8 78. Qxb8 Kf6 79. Qd6 Kf5 80. Qxc6 1-0

[Event "Elegant 1st Division League 2024"]
[Site "Dhaka"]
[Date "2024.07.15"]
[Round "5.2"]
[White "Ahmed, Mahtabuddin"]
[Black "Tutul, Dhar"]
[Result "0-1"]
[Annotator "RC"]
[ECO "C00"]
[WhiteElo "1974"]
[BlackElo "2008"]
[PlyCount "59"]
[EventDate "2024.07.10"]
[EventType "team-tourn"]
[EventCountry "BAN"]
[SourceTitle "playchess.com"]
[Source "ChessBase"]
[SourceQuality "1"]
[TimeControl "5400+30"]

1. Nf3 Nf6 2. g3 e6 3. Bg2 Be7 4. d3 d5 5. Nbd2 O-O 6. O-O c5 7. e4 Nc6 8. b3 Re8 9. Bb2 Bf8 10. a3 b6 11. Qe2 Bb7 12. Rfd1 g6 13. Nf1 Bg7 14. Rab1 Qc7 15. h3 Rad8 16. c3 a5 17. e5 Nd7 18. d4 Ra8 19. N3h2 Ba6 20. Qd2 f6 21. f4 f5 22. Ne3 cxd4 23. cxd4 Ne7 24. Rdc1 Qb7 25. Rc3 Rec8 26. Rd1 Rxc3 27. Qxc3 Qc8 28. Qc2 Bf8 29. Nef1 h6 30. h4 0-1